 Dungeon Crawl Stone Soup version 0.18.1-48-g4cf74bf (console) character file.

104 Kloppie the Skirmisher (level 4, -4/41 HPs)
             Began as a Minotaur Abyssal Knight on July 8, 2016.
             Was a Believer of Lugonu.
             Slain by Sigmund
             ... wielding a +2 scythe of protection
              (5 damage)
             ... on level 2 of the Dungeon.
             The game lasted 00:02:51 (2004 turns).

Kloppie the Skirmisher (Minotaur Abyssal Knight)    Turns: 2004, Time: 00:02:51

Health: -4/41      AC: 10    Str: 17    XL:     4   Next: 52%
Magic:  4/4        EV:  7    Int:  9    God:    Lugonu [**....]
Gold:   97         SH:  0    Dex: 10    Spells: 0 memorised, 3 levels left

rFire  . . .     SeeInvis .     a - +1 mace
rCold  . . .     Gourm    .     n - +0 chain mail
rNeg   . . .     Faith    .     (no shield)
rPois  .         Spirit   .     (helmet restricted)
rElec  .         Dismiss  .     t - +0 cloak
rCorr  .         Reflect  .     (no gloves)
SustAt .         Harm     .     (no boots)
MR     .....                    (no amulet)
Stlth  ..........               (no ring)
                                (no ring)

@: not resistant to hostile enchantments, extremely unstealthy
A: retaliatory headbutt, horns 2
a: Depart the Abyss, Bend Space, Renounce Religion


You were on level 2 of the Dungeon.
You worshipped Lugonu.
Lugonu was pleased with you.
You were not hungry.

You visited 1 branch of the dungeon, and saw 2 of its levels.
You visited the Abyss 1 time.

You collected 97 gold pieces.

Inventory:

Hand Weapons
 a - a +1 mace (weapon)
Armour
 n - a +0 chain mail (worn)
 t - a +0 cloak (worn)
Jewellery
 e - an uncursed ring of fire {unknown}
 q - an uncursed ring of stealth {unknown}
Scrolls
 d - 2 scrolls of teleportation {unknown}
 f - a scroll of fear {unknown}
 h - 3 scrolls of identify {unknown}
 o - a scroll of recharging {unknown}
 p - a scroll of enchant armour {unknown}
 r - a scroll of random uselessness {unknown}
 s - a scroll of remove curse {unknown}
Potions
 g - a potion of lignification {unknown}
 j - a potion of brilliance {unknown}
 l - 2 potions of curing {unknown}
 m - a potion of agility {unknown}
Comestibles
 b - 4 chunks of flesh
 c - 3 bread rations
 i - a meat ration
 k - a beef jerky


   Skills:
 + Level 4.6 Fighting
 + Level 4.1 Maces & Flails
 + Level 3.7 Armour
 - Level 1.1 Dodging
 - Level 1.7 Invocations


You had 3 spell levels left.
You didn't know any spells.

Dungeon Overview and Level Annotations

Branches:
Dungeon (2/15)

Altars:
Vehumet

Annotations:
D:2 Sigmund


Innate Abilities, Weirdness & Mutations

You reflexively headbutt those who attack you in melee.
You have a pair of horns on your head.


Message History

You hit something but do no damage. The kobold barely misses you.
Something hits you.
* * * LOW HITPOINT WARNING * * *
You barely miss something. You headbutt something.
The kobold hits you but does no damage. Something hits you.
* * * LOW HITPOINT WARNING * * *
You barely miss something. The kobold hits you but does no damage.
Your chain mail prevents you from hitting something.
The kobold hits you but does no damage. Something hits you but does no damage.
The kobold hits you but does no damage.
You closely miss something. Something hits you but does no damage.
The kobold barely misses you.
You hit something. You headbutt something. The kobold closely misses you.
You furiously retaliate!
You headbutt the kobold!
You kill the kobold!
Lugonu accepts your kill. Something hits you.
* * * LOW HITPOINT WARNING * * *
You miss something. Something hits you.
You die...

#...........##.#
#.######.......# #.#
####'#### #.# ##...## #.#
##.....## ## ##.##
##.......## ##.
##...####.........####..
##.......{.........'.....
#.>....#@#.........####..
#..#.###.##.@.....## ##.
#..### #.###.....## ##
#..#####.# ##...##
#........# ##@##
#.######## #.# #.# #.#
#####.#### ##.##
#........########...######


There were no monsters in sight!

Vanquished Creatures
  Robin (D:2)
  An adder (D:2)
  A worm (D:2)
  4 dart slugs
  3 giant geckos
  2 giant cockroaches (D:2)
  18 goblins
  9 hobgoblins
  4 jackals (D:1)
  A quokka (D:2)
  4 bats
  2 giant newts
  6 kobolds
  7 rats
63 creatures vanquished.

Vanquished Creatures (others)
  A rat (D:2)
1 creature vanquished.

Grand Total: 64 creatures vanquished

Notes
Turn   | Place    | Note
--------------------------------------------------------------
     0 | Abyss:1  | Kloppie the Minotaur Abyssal Knight began the quest for the Orb.
     0 | Abyss:1  | Reached XP level 1. HP: 19/19 MP: 1/1
     0 | D:1      | Escaped the Abyss
   154 | D:1      | Reached * piety under Lugonu
   154 | D:1      | Reached XP level 2. HP: 24/27 MP: 2/2
   487 | D:1      | You fall through a shaft!
   555 | D:2      | Reached XP level 3. HP: 20/33 MP: 3/3
   688 | D:2      | Noticed Robin
   708 | D:2      | Killed Robin
   943 | D:2      | Found a radiant altar of Vehumet.
  1197 | D:1      | Reached ** piety under Lugonu
  1455 | D:1      | Reached XP level 4. HP: 41/41 MP: 4/4
  1963 | D:2      | Noticed Sigmund
  2003 | D:2      | HP: 1/41 [something (3)]
  2004 | D:2      | Slain by Sigmund

Skill      XL: |  1  2  3  4 |
---------------+-------------+-----
Maces & Flails | 3 4 |  4.1
Fighting       | 4 |  4.6
Armour         | 3 |  3.7
Dodging        | |  1.1
Invocations    | |  1.7

Action                   |  1- 3 |  4- 6 || total
-------------------------+-------+-------++-------
Melee: Mace              |    88 |    72 ||   160
       Headbutt          |     9 |    14 ||    23
Invok: Depart the Abyss  |     1 |       ||     1
  Eat: Chunk             |     2 |     2 ||     4
Armor: Leather armour    |    22 |       ||    22
       Chain mail        |     1 |    54 ||    55
Dodge: Dodged            |    45 |    28 ||    73
